AoeStats
← sorryman

Arabia

510098097Analyzed
1v1 RM · 3d ago on Sep 29, 2026· 14m 19s· 2 players
Game mode
Random Map
Map size
Tiny (2 player)
Population
200
Speed
Normal
Resources
Standard
Victory
Conquest
Starting age
Dark Age
Ending age
Imperial Age
RankedLock teamsTeams togetherTeam positionsShared explorationLock speedFull tech treeHidden civsTurbo modeCheats
Victory
Defeat
🇨🇳 Goths · China
1335
+15
🇧🇴 Spanish · Bolivia
1316
-15
boaa
6:40 Loom
9:43 Feudal Age
10:04 Horse Collar
10:10 Double-Bit Axe
10:29 Man-at-Arms
sorryman
0:27 Loom
8:52 Feudal Age
9:22 Double-Bit Axe
Connection lost

Rejoining the realm…

Still unreachable

The connection could not be restored.

Session expired

The server has moved on; the page needs a fresh start.